 Dungeon Crawl Stone Soup version 0.17-a0-1778-gd369669 (webtiles) character file.

5 ololoev the Charmwright (level 1, -2/17 HPs)
             Began as a Draconian Skald on Sept 8, 2015.
             Slain by a jackal (3 damage)
             ... on level 1 of the Dungeon.
             The game lasted 00:00:18 (58 turns).

ololoev the Charmwright (Draconian Skald)             Turns: 58, Time: 00:00:18

Health: -2/17      AC:  4    Str: 14    XL:     1   Next: 66%
Magic:  0/3        EV: 11    Int: 12    God:
Gold:   24         SH:  0    Dex: 10    Spells: 1 memorised, 3 levels left

rFire  . . .     SeeInvis .     a - +0 spear
rCold  . . .     Clarity  .     (armour unavailable)
rNeg   . . .     SustAt   .     (no shield)
rPois  .         Gourm    .     (helmet restricted)
rElec  .         Spirit   .     (no cloak)
rCorr  .         Warding  .     (no gloves)
rMut   .         Stasis   .     (no boots)
MR     .....                    (no amulet)
Stlth  +.........               (no ring)
                                (no ring)

@: infused, not resistant to hostile enchantments, very unstealthy
A: unfitting armour, cold-blooded, AC +4
a: no special abilities


Innate Abilities, Weirdness & Mutations

Your plain brown scales are hard (AC +4).
Your body does not fit into most forms of armour.
You are cold-blooded and may be slowed by cold attacks.

Inventory:

Hand weapons
 a - a +0 spear (weapon)
Scrolls
 d - a scroll of enchant armour {unknown}
Books
 b - a book of Battle

   Spells                             Type                      Level
   a - Infusion                       Charms                       1
   b - Shroud of Golubria             Charms/Translocation         2
   c - Song of Slaying                Charms                       2
   d - Spectral Weapon                Hexes/Charms                 3
   e - Regeneration                   Charms/Necromancy            3
Comestibles
 c - a bread ration


   Skills:
 - Level 2.1 Fighting
 + Level 2.5 Polearms
 - Level 1.3 Dodging
 - Level 2.0 Spellcasting
 - Level 2.6 Charms


You had 3 spell levels left.
You knew the following spells:

 Your Spells              Type           Power        Failure   Level  Hunger
a - Infusion              Chrm           #.....       12%         1    ##.....


You were on level 1 of the Dungeon.
You were not hungry.

You visited 1 branch of the dungeon, and saw 1 of its levels.

You collected 24 gold pieces.

..... #....# .## .....
...# ##....##
#..###...... #..#.....#
##.## #. #...h#.# ##...##
#$. #...@h.# ##.....##
#...#......# ##.......##
#...#...b.>###.........##
..........###....≈≈≈....#
...#.....###....≈...≈....
........## #....≈.<.≈....
#.....†.# #....≈...≈....
...#.#..#####....≈≈≈....#
.....#....####.........##

Notes
Turn   | Place    | Note
--------------------------------------------------------------
     0 | D:1      | ololoev the Draconian Skald began the quest for the Orb.
     0 | D:1      | Reached XP level 1. HP: 17/17 MP: 3/3
    58 | D:1      | Slain by a jackal

Dungeon Overview and Level Annotations

Branches:
Dungeon (1/15)

Altars:


Message History

The jackal barely misses you.
The jackal bites you but does no damage.
The jackal bites you.
The jackal bites you but does no damage.
The jackal closely misses you.
A bat comes into view.
Casting: Infusion
Confirm with . or Enter, or press ? or * to list all spells.
You begin infusing your attacks with magical energy.
The jackal closely misses you.
The jackal bites you but does no damage.
The jackal closely misses you. The jackal bites you.
You hit the jackal.
You kill the jackal!
The bat hits you but does no damage. The jackal bites you.
The jackal bites you but does no damage.
The jackal barely misses you. The jackal closely misses you.
The jackal bites you.
You hit the jackal.
The jackal is severely wounded.
The jackal bites you but does no damage.
The bat hits you. The jackal barely misses you. The jackal bites you.
The jackal barely misses you.
You hit the jackal.
You kill the jackal!
The bat barely misses you. The jackal misses you. The jackal barely misses you.
The jackal barely misses you.
You closely miss the jackal.
The jackal bites you but does no damage.
The bat hits you. The jackal misses you. The jackal completely misses you.
You hit the jackal.
The jackal is moderately wounded.
The bat hits you but does no damage. The jackal closely misses you.
The jackal misses you.
You hit the jackal but do no damage.
The jackal is moderately wounded.
The bat closely misses you. The jackal barely misses you.
The jackal bites you but does no damage. x2
The jackal bites you.
You die...

You could see 2 jackals and a bat.

Vanquished Creatures
  A hobgoblin (D:1)
  2 jackals (D:1)
  A giant newt (D:1)
  A rat (D:1)
5 creatures vanquished.

Action                   || total
-------------------------++-------
Melee: Spear             ||    25
 Cast: Infusion          ||     1

Vault maps used:
D:1:      enne_arrival_octagon_isle
